 Dungeon Crawl Stone Soup version 0.31-a0-876-gfe8ebadbca (webtiles) character file.

Game seed: 16245859301173281866

125040 Xavori the Unseen (level 16, -8/116 HPs)
             Began as an Octopode Chaos Knight on Oct 13, 2023.
             Was a Plaything of Xom.
             Shot with an arrow by a deep elf archer (41 damage)
             ... on level 1 of the Elven Halls.
             The game lasted 00:45:11 (63515 turns).

Xavori the Unseen (Octopode Chaos Knight)          Turns: 63515, Time: 00:45:12

Health: -8/116     AC:  0    Str: 22    XL:     16   Next: 94%
Magic:  16/16      EV: 21    Int: 14    God:    Xom [.*....]
Gold:   2245       SH: 17    Dex: 17    Spells: 15/15 levels left

rFire   + . .        z - +6 quick blade of Beomowki {drain, rElec}
rCold   + . .        i - +0 kite shield
rNeg    + . .        g - -2 hat of the Alchemist {rElec rPois rF+ rC+ rN+ Will+ rMut rCorr}
rPois   +            m - amulet of reflection
rElec   +            l - +4 ring of slaying
rCorr   +            h - ring of see invisible
SInv    +            x - ring of flight
Will    +++..        Q - +6 ring of strength
Stlth   +++++++++    w - ring of poison resistance
HPRegen 0.39/turn    (no ring)
MPRegen 0.15/turn    H - ring of willpower
                     (no ring)

%: random rage (3%), reflection, resist mutation
@: flying, studying Dodging
A: almost no armour, amphibious, 8 rings, camouflage 1, gelatinous body 1,
(nimble swimmer 1), tentacles, berserk 1, poison resistance, shaggy fur 1,
strong 1, no potion heal 1, inability to drink after injury 1, MP-powered wands
a: Renounce Religion


You were on level 1 of the Elven Halls.
You worshipped Xom.
You were a plaything of Xom.
You visited 5 branches of the dungeon, and saw 24 of its levels.
You also visited: Gauntlet, Ice Cave and Volcano.

You collected 3713 gold pieces.
You spent 1468 gold pieces at shops.

Inventory:

Hand Weapons
 c - the +8 autumn katana {manifold assault}
   (You found it in an ice cave)
 z - the +6 quick blade of Beomowki (weapon) {drain, rElec}
   (You acquired it on level 4 of the Dungeon)

   rElec:     It insulates you from electricity.
Armour
 g - the -2 hat of the Alchemist (worn) {rElec rPois rF+ rC+ rN+ Will+ rMut rCorr}
   (You found it in an ice cave)

   rF+:       It protects you from fire.
   rC+:       It protects you from cold.
   rElec:     It insulates you from electricity.
   rPois:     It protects you from poison rN+: It protects you from negative
   energy.
   Will+:     It increases your willpower.
   rCorr:     It protects you from acid and corrosion.
   rMut:      It protects you from mutation.
 i - a +0 kite shield (worn)
Jewellery
 h - a ring of see invisible (right tentacle)
 l - a +4 ring of slaying (left tentacle)
 m - an amulet of reflection (around mantle)
 w - a ring of poison resistance (on tentacle)
 x - a ring of flight (on tentacle)
 D - a ring of fire
 H - a ring of willpower (on tentacle)
 L - a ring of ice
 Q - a +6 ring of strength (on tentacle)
Talismans
 R - a maw talisman
Wands
 p - a wand of polymorph (17)
 y - a wand of mindburst (22)
 G - a wand of acid (13)
 S - a wand of flame (12)
 T - a wand of digging (5)
 V - a wand of paralysis (17)
 W - a wand of iceblast (24)
Scrolls
 b - a scroll of butterflies
 d - 8 scrolls of vulnerability
 e - 4 scrolls of brand weapon
 n - 6 scrolls of fog
 o - 4 scrolls of enchant armour
 q - 3 scrolls of blinking
 r - 4 scrolls of identify
 s - 15 scrolls of teleportation
 u - 4 scrolls of revelation
 v - 3 scrolls of poison
 E - 2 scrolls of summoning
 F - a scroll of fear
 N - 3 scrolls of enchant weapon
Potions
 a - 2 potions of magic
 f - 2 potions of berserk rage
 j - 6 potions of might
 k - 4 potions of mutation
 t - 2 potions of brilliance
 A - 4 potions of haste
 B - 10 potions of ambrosia
 C - 3 potions of enlightenment
 J - 2 potions of cancellation
 K - 4 potions of lignification
 M - a potion of invisibility
 O - a potion of attraction
 U - 5 potions of heal wounds
Miscellaneous
 I - a tin of tremorstones (2/2)
 X - a lightning rod (4/4)
 Y - a phantom mirror
 Z - a phial of floods


   Skills:
 + Level 12.7 Fighting
 - Level 14.5 Short Blades
 + Level 14.5 Dodging
 - Level 20.0 Stealth
 - Level 10.4 Shields
 - Level 7.4 Evocations
 * Level 7.9 Shapeshifting


You had 15 spell levels left.
You didn't know any spells.
Your spell library contained the following spells:

 Spells                   Type           Power      Damage    Failure   Level
 Apportation              Tloc           0%         N/A       45%         1
 Foxfire                  Conj/Fire      0%         2x1d4     45%         1
 Freeze                   Ice            0%         1d3       45%         1
 Magic Dart               Conj           0%         1d3       45%         1
 Necrotise                Necr           0%         1d4       45%         1
 Sandblast                Erth           0%         2d4       45%         1
 Sting                    Tmut/Pois      0%         1d3       45%         1
 Summon Small Mammal      Summ           0%         N/A       45%         1
 Cigotuvi's Dreadful Rot  Necr/Pois/Air  0%         N/A       61%         2
 Passwall                 Tmut/Erth      0%         N/A       61%         2
 Poisonous Vapours        Pois/Air       0%         N/A       61%         2
 Scorch                   Fire           0%         2d5       61%         2
 Searing Ray              Conj           0%         2d4       61%         2
 Dazzling Flash           Conj/Hex       0%         N/A       83%         3
 Frozen Ramparts          Ice            0%         1d1       83%         3
 Hailstorm                Conj/Ice       0%         3d3       83%         3
 Ignite Poison            Fire/Tmut/Pois 0%         N/A       83%         3
 Stone Arrow              Conj/Erth      0%         3d7       83%         3
 Animate Dead             Necr           0%         N/A       99%         4
 Brom's Barrelling Bould  Conj/Erth      0%         2d3       99%         4
 Dispel Undead            Necr           0%         3d6       99%         4
 Flame Wave               Conj/Fire      0%         2d4       99%         4
 Fulminant Prism          Conj/Hex       0%         3d5       99%         4
 Olgreb's Toxic Radiance  Pois           0%         N/A       99%         4
 Summon Ice Beast         Ice/Summ       0%         N/A       99%         4
 Agony                    Necr           0%         N/A       100%        5
 Borgnjor's Vile Clutch   Necr/Erth      0%         N/A       100%        5
 Freezing Cloud           Conj/Ice/Air   0%         6-21      100%        5
 Silence                  Hex/Air        0%         N/A       100%        5
 Summon Mana Viper        Hex/Summ       0%         N/A       100%        5
 Death Channel            Necr           0%         N/A       100%        6
 Plasma Beam              Fire/Air       0%         2x1d10    100%        6
 Starburst                Conj/Fire      0%         6d3       100%        6
 Summon Cactus Giant      Summ           0%         N/A       100%        6
 Monstrous Menagerie      Summ           0%         N/A       100%        7


Dungeon Overview and Level Annotations

Branches:
Dungeon (15/15)            Temple (0/1) D:5            Lair (5/5) D:10
  Swamp (0/4) Lair:3       Spider (1/4) Lair:2        Slime (0/5) Lair:4
    Orc (2/2) D:10            Elf (1/3) Orc:2        Vaults (0/5) D:14
 Depths (0/4) D:15          IceCv (visited)         Volcano (visited)
Gauntlet (visited)

Altars:
Dithmenos
Elyvilon
Fedhas
Gozag
Kikubaaqudgha
Okawaru
Qazlal
Uskayaw
Wu Jian
Xom
Yredelemnul
The Shining One
Jiyva

Shops:
D:1 [   D:4 ??   D:12 !   Orc:2 (**

Annotations:
Lair:1 3 runed translucent doors, xbox's ghost, journeyman DsCK
Lair:3 Vade Gum's ghost, journeyman DsGl


Innate Abilities, Weirdness & Mutations

You cannot wear most types of armour.
You are amphibious.
You can wear up to eight rings at the same time.
Your skin changes colour to match your surroundings (Stealth+).
Your rubbery body absorbs attacks. (AC +1, EV +1)
((You are camouflaged when in or above water. (Stealth+)))
You have tentacles for arms and can constrict up to eight enemies at once.
You sometimes lose your temper in combat.
Your system is resistant to poisons. (rPois)
You are covered in fur. (AC +1)
Your muscles are strong. (Str +4, Int/Dex -1)
Potions are less effective at restoring your health.
You occasionally lose the ability to drink potions when taking damage.
You expend magic power (3 MP) to strengthen your wands.


Message History

You grab the deep elf archer. You squeeze the deep elf archer!
You puncture the deep elf archer!
The deep elf archer is severely wounded.
You constrict the deep elf archer.
The deep elf knight shoots an arrow.
The arrow hits you!!
You are too injured to fight recklessly!
Unknown command.
You are too injured to fight recklessly!
Unknown command.
You are too injured to fight recklessly!
Unknown command.
You are too injured to fight recklessly!
You hit the deep elf archer but do no damage.
You hit the deep elf archer. You drain the deep elf archer.
You kill the deep elf archer!
The deep elf archer shoots an arrow.
The arrow hits the deep elf knight!
The deep elf knight casts a spell at you.
The shard of ice misses you.
You feel your dexterity returning.
A deep elf archer and 2 deep elf pyromancers come into view.
The deep elf pyromancer shouts!
The deep elf knight unwields a +0 longbow.
The deep elf knight wields a +1 long sword of draining.
You sense an unholy aura.
The deep elf knight closely misses you.
The deep elf archer shoots an arrow.
The arrow hits the deep elf knight!!
The deep elf knight dies!
The deep elf pyromancer moves out of view.
Things that are here:
a +0 short sword; a +0 chain mail; an elf corpse Unknown command.
The deep elf archer shoots an arrow.
The arrow hits you!!
* * * LOW HITPOINT WARNING * * *
Unknown command.
The deep elf pyromancer mumbles some strange words.
The deep elf pyromancer blinks!
The deep elf archer unwields a +0 dagger.
The deep elf archer wields a +0 longbow.
The deep elf archer shoots an arrow.
The arrow hits you!!!
You die...
Xom giggles madly!

#.... ##.## #.###. ##....
##.## ## ####.##.#
##......####.##.###........
e..e.............#.####..##
e.....e#######..#.# ####.##
##...§)## ##.#..####.....#
#.../.#)###.......#.......
#.....#.#........#......#
######).@#.......#[.....#
###.................
##.(###.###......# ..#.##.#
#......# #.###.#.# #......#
∆## #..##.#....## ∆∆
##.#.#####.## ∆ #..#
####..# ∆ ##.#.#.......


You could see 2 deep elf archers.

Vanquished Creatures
  Frances (D:12)
  A fire giant (D:15)
  A ghost moth (Lair:4)
  An orc warlord (Orc:1)
  The ghost of Jesminib the Brawler, a journeyman HOSh of Beogh (Lair:5)
  A red draconian (Volcano)
  A deep elf annihilator (Elf:1)
  A minotaur (Gauntlet)
  Snorg (D:10)
  An ice dragon (Lair:3)
  4 vault guards (D:14)
  The ghost of ragingrage the Markstengu, a journeyman TeHu of Ru (D:12)
  Fannar (Lair:3)
  5 hydras
  5 catoblepae
  A death knight (D:15)
  6 centaur warriors
  A ghost crab (Lair:3)
  2 ironbound frosthearts (IceCv)
  3 boulder beetles
  4 two-headed ogres
  A tengu warrior (Gauntlet)
  A demonic crawler (Spider:1)
  Urug (D:11)
  An orc high priest (Elf:1)
  13 death yaks
  A deep elf knight (Elf:1)
  2 skysharks (Lair:4)
  Amaemon (D:10)
  A fire crab (D:14)
  3 deep elf archers (Elf:1)
  A phantasmal warrior (D:15)
  A spectral hydra (Lair:3)
  8 deep elf pyromancers
  3 orc knights
  25 ugly things
  4 deep elf zephyrmancers (Elf:1)
  5 orc sorcerers
  2 oklob plants (Lair:3)
  A wolf spider (Spider:1)
  4 cyclopes
  An elephant (Lair:1)
  4 manticores
  An ice statue (IceCv)
  6 black mambas
  An orange demon (D:10)
  2 molten gargoyles (Volcano)
  14 cane toads
  Jeremiah (D:7)
  7 komodo dragons
  2 kobold demonologists (D:11)
  6 yaktaurs (D:15)
  5 freezing wraiths
  6 rime drakes
  3 tengu conjurers
  2 unseen horrors
  A queen bee (Lair:2)
  3 trolls
  A meliai (D:10)
  2 hornets
  Grinder (D:6)
  13 polar bears
  25 blink frogs
  5 dream sheep (Lair:5)
  A spectral black mamba (Lair:3)
  4 flying skulls (Gauntlet)
  3 shadows
  3 slime creatures (D:14)
  A jumping spider (Spider:1)
  5 wyverns
  3 culicivoras (Lair:2)
  2 water elementals (Elf:1)
  A wraith (D:11)
  98 yaks
  2 basilisks
  7 humans (D:14)
  2 fire elementals (Elf:1)
  A steam dragon (D:9)
  2 fire bats (Volcano)
  4 neqoxecs (D:12)
  A redback (Lair:2)
  2 wargs
  3 acid dragons
  2 swamp worms (Gauntlet)
  A hydra simulacrum (Lair:3)
  A spectral polar bear (Lair:3)
  13 water moccasins
  32 orc warriors
  A spectral blink frog (Lair:3)
  A black mamba simulacrum (Lair:3)
  A sky beast (D:8)
  2 ice beasts (D:7)
  An ogre (Orc:2)
  30 wolves
  A spectral rime drake (Lair:3)
  10 centaurs
  A phantom (D:4)
  13 bullfrogs
  4 kobold brigands
  3 scorpions
  An earth elemental (Elf:1)
  A cane toad simulacrum (Lair:3)
  3 wights (D:6)
  2 dream sheep simulacra (Lair:3)
  35 killer bees
  An electric eel (D:15)
  6 howler monkeys
  4 lava snakes (Volcano)
  2 quasits (D:12)
  17 orc priests
  A jelly (D:7)
  3 gnoll boudas
  3 hounds
  2 sleepcaps (D:4)
  31 orc wizards
  2 iguanas
  7 gnolls
  7 adders
  2 shadow imps (D:7)
  3 white imps
  3 ufetubi
  4 worms
  3 dart slugs (D:2)
  101 orcs
  10 ball pythons
  7 endoplasms
  8 giant cockroaches
  7 goblins
  10 hobgoblins
  22 kobolds
  7 quokkas
  7 bats
  2 frilled lizards
  12 rats
832 creatures vanquished.

Vanquished Creatures (collateral kills)
  A troll (D:11)
  A centaur (D:9)
  A dream sheep simulacrum (Lair:3)
  A jelly (D:6)
  An orc priest (D:10)
  2 orcs
7 creatures vanquished.

Vanquished Creatures (others)
  A deep elf knight (Elf:1)
  A human (D:14)
  A yak (Lair:2)
  2 orcs (Orc:2)
  A hobgoblin (D:4)
6 creatures vanquished.

Grand Total: 845 creatures vanquished

Notes
Turn   | Place    | Note
-------+----------+-------------------------------------------
     0 | D:1      | Xavori the Octopode Chaos Knight began the quest for the
                  | Orb.
     0 | D:1      | Reached XP level 1. HP: 16/16 MP: 1/1
   135 | D:1      | Reached XP level 2. HP: 18/21 MP: 2/2
   255 | D:1      | XOM: divination: detect items
   301 | D:1      | Found Xymeyt's Antique Armour Shop.
   303 | D:1      | Reached XP level 3. HP: 24/26 MP: 3/3
   489 | D:1      | XOM: silly message
   502 | D:1      | XOM: divination: magic mapping
   571 | D:2      | Reached skill level 1 in Stealth
   601 | D:1      | XOM: noise
   638 | D:1      | XOM: god gift: book of Decay
   747 | D:1      | XOM is BORED!
  1165 | D:1      | XOM: noise
  1246 | D:1      | XOM: divination: detect creatures
  1568 | D:1      | XOM: silly message
  1689 | D:1      | XOM: 5-stop teleportation journey
  1755 | D:1      | XOM: god gift: scroll labelled QESERYATAU {god gift}
  2120 | D:1      | XOM: scenery: create altars
  3165 | D:1      | XOM: cloud trail
  3553 | D:1      | XOM: scenery: summon butterflies
  3582 | D:1      | XOM: give mutation
  3582 | D:1      | Gained mutation: Your mind is acute. (Int +4, Str/Dex -1)
                  | [Xom's grace]
  4628 | D:1      | XOM: god gift: 33 gold pieces
  5044 | D:1      | XOM: silly message
  5072 | D:1      | XOM: cloud trail
  5157 | D:1      | XOM: scenery: summon butterflies
  6072 | D:1      | XOM: god gift: robe {god gift}
  6550 | D:1      | XOM: cloud trail
  6680 | D:1      | XOM is BORED!
  6680 | D:1      | XOM: summons 1 hostile demon
  6899 | D:1      | XOM: summons 1 hostile shadow creature
  7343 | D:1      | XOM: draining
  8236 | D:1      | XOM: god gift: 737 gold pieces
  8423 | D:1      | XOM: scenery: create altars
  8871 | D:1      | XOM: scenery: create altars
  9775 | D:1      | XOM: divination: detect items
 10189 | D:1      | Bought a kite shield for 103 gold pieces
 10289 | D:2      | XOM: smoke on damage
 10396 | D:2      | Reached skill level 2 in Stealth
 10403 | D:2      | Reached XP level 4. HP: 17/31 MP: 4/4
 10475 | D:2      | Identified the +0 mace of Udonil {drain, *Rage rPois rF+
                  | rC+ Dex+4}
 10585 | D:2      | XOM: 1-stop teleportation journey
 10713 | D:2      | Reached skill level 3 in Stealth
 10871 | D:2      | XOM: 1-stop teleportation journey
 10998 | D:2      | Glimpsed the power of Zot.
 11105 | D:3      | Reached XP level 5. HP: 37/37 MP: 5/5
 11412 | D:3      | Found a faded altar of an unknown god.
 11638 | D:4      | XOM: stealth player
 11651 | D:4      | Reached skill level 4 in Stealth
 11716 | D:4      | Found Geog's Magic Scroll Boutique.
 11719 | D:4      | Bought a scroll of blinking for 97 gold pieces
 11719 | D:4      | Bought a scroll of revelation for 97 gold pieces
 11719 | D:4      | Bought a scroll of teleportation for 39 gold pieces
 11719 | D:4      | Bought a scroll of identify for 26 gold pieces
 11719 | D:4      | Bought a scroll of teleportation for 39 gold pieces
 11811 | D:4      | Noticed a phantom
 11839 | D:4      | Killed a phantom
 12129 | D:4      | Reached XP level 6. HP: 43/43 MP: 6/6
 12136 | D:4      | Reached skill level 5 in Stealth
 12295 | D:4      | Found Imokatte's Magic Scroll Shop.
 12337 | D:4      | Found a white marble altar of Elyvilon.
 12349 | D:4      | Reached skill level 1 in Shields
 12534 | D:4      | XOM is BORED!
 12685 | D:4      | XOM: give mutations
 12685 | D:4      | Gained mutation: You are somewhat resistant to further
                  | mutation. [Xom's grace]
 12685 | D:4      | Gained mutation: Your spells are a little harder to cast,
                  | but a little more powerful. [Xom's grace]
 12685 | D:4      | Gained mutation: You have an increased reservoir of magic.
                  | (+10% MP) [Xom's grace]
 12685 | D:4      | Gained mutation: Your flesh is cold resistant. (rC+) [Xom's
                  | grace]
 12727 | D:5      | Entered Level 5 of the Dungeon
 12737 | D:5      | Reached skill level 6 in Stealth
 12737 | D:5      | Reached XP level 7. HP: 46/48 MP: 7/7
 12738 | D:5      | XOM: swap monsters
 13005 | D:5      | Found a staircase to the Ecumenical Temple.
 13030 | D:5      | XOM: silly message
 13339 | D:6      | XOM: noise
 13344 | D:6      | Reached skill level 5 in Short Blades
 13350 | D:6      | Reached skill level 7 in Stealth
 13360 | D:6      | XOM: summons friendly iron imp
 13386 | D:6      | XOM: enchant monster (good)
 13438 | D:6      | XOM: 5-stop teleportation journey
 13445 | D:6      | XOM: scenery: summon butterflies
 13464 | D:6      | Noticed Maggie
 13475 | D:6      | HP: 1/49 [Maggie/bolt of fire (18)]
 13854 | D:5      | XOM: give mutation
 13854 | D:5      | Gained mutation: Your mind is very acute. (Int +8, Str/Dex
                  | -2) [Xom's grace]
 13888 | D:6      | XOM: 1-stop teleportation journey
 13909 | D:6      | Reached XP level 8. HP: 54/54 MP: 8/8
 14065 | D:6      | XOM: give mutation
 14065 | D:6      | Lost mutation: You have an increased reservoir of magic.
                  | (+10% MP) [Xom's mischief]
 14161 | D:6      | Identified the +3 ring mail of the Sturgeon {SInv}
 14197 | D:6      | Found a stormy altar of Qazlal.
 14200 | D:6      | Noticed a water elemental
 14200 | D:6      | Noticed an air elemental
 14282 | D:6      | Maggie changed into Maggie the acid dragon
 14282 | D:6      | Noticed Maggie
 14290 | D:6      | Killed Maggie the acid dragon
 14291 | D:6      | Reached skill level 8 in Stealth
 14501 | D:6      | Noticed Grinder
 14503 | D:6      | Killed Grinder
 14503 | D:6      | XOM: noise
 14547 | D:7      | Reached skill level 9 in Stealth
 14552 | D:7      | Noticed a +0 spear
 14552 | D:7      | Noticed a +0 short sword
 14552 | D:7      | Noticed a +0 spear
 14552 | D:7      | Noticed a +0 dagger
 14552 | D:7      | Noticed a +0 falchion
 14553 | D:7      | Noticed a +0 short sword
 14554 | D:7      | Noticed a +0 dagger
 14555 | D:7      | Noticed a +0 falchion
 14578 | D:7      | Found a hide-covered altar of Uskayaw.
 14616 | D:7      | Noticed a yak
 14616 | D:7      | Noticed a yak
 14616 | D:7      | Noticed a yak
 14623 | D:7      | XOM: blink monster(s)
 14629 | D:7      | XOM: noise
 14630 | D:7      | Killed a yak
 14631 | D:7      | Reached skill level 5 in Fighting
 14635 | D:6      | Lost mutation: Your spells are a little harder to cast, but
                  | a little more powerful. [potion of mutation]
 14635 | D:6      | Lost mutation: Your mind is very acute. (Int +8, Str/Dex
                  | -2) [potion of mutation]
 14635 | D:6      | Gained mutation: A frigid envelope surrounds you and
                  | freezes all who hurt you. [potion of mutation]
 14646 | D:6      | Killed a yak
 14647 | D:6      | Reached XP level 9. HP: 34/61 MP: 9/9
 14655 | D:7      | XOM: silly message
 14682 | D:6      | XOM: noise
 14992 | D:7      | Reached skill level 10 in Stealth
 15239 | D:7      | Found an ornate altar of the Wu Jian Council.
 15277 | D:7      | Reached skill level 1 in Evocations
 15354 | D:7      | XOM: give mutation
 15354 | D:7      | Gained mutation: Your spells are a little harder to cast,
                  | but a little more powerful. [Xom's mischief]
 15373 | D:7      | Reached skill level 5 in Shields
 15499 | D:4      | Bought a scroll of acquirement for 676 gold pieces
 15499 | D:4      | Acquired the +6 quick blade of Beomowki {drain, rElec}
 15762 | D:7      | Noticed Jeremiah
 15769 | D:7      | Killed Jeremiah
 15770 | D:7      | Reached skill level 11 in Stealth
 15813 | D:7      | XOM: give mutations
 15813 | D:7      | Gained mutation: Your flesh is heat resistant. (rF+) [Xom's
                  | mischief]
 15813 | D:7      | Gained mutation: You are weak. (Str -2) [Xom's mischief]
 16040 | D:8      | Reached skill level 5 in Dodging
 16107 | D:8      | Noticed a two-headed ogre
 16114 | D:8      | Killed a two-headed ogre
 16115 | D:8      | Reached XP level 10. HP: 28/68 MP: 10/10
 16445 | D:8      | Reached skill level 12 in Stealth
 16454 | D:8      | Identified the +7 flail of Unpleasantness {protect, rCorr}
 16572 | D:8      | XOM: chaos cloud
 16574 | D:8      | XOM: potion effect (brilliance)
 16582 | D:8      | XOM: potion effect (brilliance)
 16869 | D:8      | XOM: stat loss: -1 Dex (14/15)
 17182 | D:9      | Reached skill level 13 in Stealth
 17294 | D:9      | Reached XP level 11. HP: 74/74 MP: 11/11
 17423 | D:9      | XOM: summons 2 friendly demons
 17618 | D:10     | Entered Level 10 of the Dungeon
 17644 | D:10     | XOM: enchant monster (bad)
 17806 | D:10     | Noticed Amaemon
 17807 | D:10     | Found a basalt altar of Yredelemnul.
 17823 | D:10     | XOM: give mutation
 17823 | D:10     | Gained mutation: You occasionally lose the ability to read
                  | scrolls when taking damage. [Xom's mischief]
 17840 | D:10     | XOM: summons 1 hostile shadow creature
 17991 | D:10     | Found a staircase to the Lair.
 17996 | D:10     | Found an opulent altar of Gozag.
 17996 | D:10     | Found an ancient bone altar of Kikubaaqudgha.
 18000 | D:10     | Found a blossoming altar of Fedhas.
 18122 | D:10     | XOM: 8-stop teleportation journey
 18133 | D:10     | Found a shadowy altar of Dithmenos.
 18133 | D:10     | Found an iron altar of Okawaru.
 18157 | D:10     | XOM: polymorph yak -> meliai
 18161 | D:10     | Reached skill level 14 in Stealth
 18163 | D:10     | HP: 1/74 [meliai/divine providence (12)]
 18680 | D:10     | XOM: summons friendly ufetubus
 18685 | D:10     | XOM: summons 2 friendly demons
 18716 | D:10     | XOM: silly message
 18802 | D:10     | Noticed a two-headed ogre
 18811 | D:10     | Killed a two-headed ogre
 19160 | D:10     | XOM: enchant monster (good)
 19165 | D:10     | XOM: confusion (+ monsters)
 19167 | D:10     | XOM: cast spell 'Summon Hydra'
 19303 | D:10     | Found a staircase to the Orcish Mines.
 19478 | Lair:1   | Entered Level 1 of the Lair of Beasts
 19688 | Lair:1   | XOM: 1-stop teleportation journey
 19696 | Lair:1   | Reached skill level 10 in Short Blades
 19712 | Lair:1   | Found a runed translucent gate.
 19712 | Lair:1   | Found a runed translucent gate.
 19713 | Lair:1   | Found a runed translucent gate.
 19797 | Lair:1   | XOM: enchant monster (bad)
 19810 | Lair:1   | Reached XP level 12. HP: 11/81 MP: 12/12
 19832 | Lair:1   | XOM: confusion (+ monsters)
 19833 | Lair:1   | XOM: enchant monster (good)
 19968 | Lair:1   | XOM: scenery: create altars
 19994 | Lair:1   | XOM: god gift: potion of brilliance
 20240 | Lair:1   | XOM: potion effect (might)
 20516 | Lair:1   | XOM: summons 2 hostile demons
 20521 | Lair:1   | XOM: noise
 20720 | Lair:1   | Noticed xbox's ghost (journeyman DsCK)
 21023 | D:10     | XOM: give mutation
 21023 | D:10     | Lost mutation: You are somewhat resistant to further
                  | mutation. [Xom's mischief]
 21090 | D:10     | Killed Amaemon
 21553 | D:10     | XOM: give mutations
 21553 | D:10     | Lost mutation: Your flesh is heat resistant. (rF+) [Xom's
                  | mischief]
 21553 | D:10     | Gained mutation: You have a pair of small antennae on your
                  | head. [Xom's mischief]
 21553 | D:10     | Lost mutation: Your spells are a little harder to cast, but
                  | a little more powerful. [Xom's mischief]
 21863 | D:10     | XOM: god gift: 13 gold pieces
 22133 | D:10     | XOM: scenery: 2 doors close
 22387 | D:10     | XOM: god gift: wand of mindburst (7)
 22412 | D:10     | XOM: divination: detect creatures
 23075 | D:10     | XOM: god gift: scroll of fear
 23449 | D:10     | XOM: god gift: wand of acid (4)
 24289 | D:10     | XOM: scenery: 2 doors open
 24688 | D:10     | XOM: summons 4 hostile demons
 25250 | D:10     | XOM is BORED!
 25250 | D:10     | XOM: stat loss: -2 Dex (13/15)
 25579 | D:10     | XOM: give mutations
 25579 | D:10     | Gained mutation: You are frail. (-10% HP) [Xom's mischief]
 25579 | D:10     | Gained mutation: You are partially covered in iridescent
                  | scales. (AC +2) [Xom's mischief]
 25859 | Lair:1   | Reached skill level 15 in Stealth
 25932 | Lair:2   | Noticed a five-headed hydra
 25938 | Lair:2   | Killed a five-headed hydra
 26097 | Lair:2   | Found a hole to the Spider Nest.
 26099 | Lair:2   | XOM: noise
 26127 | Lair:2   | XOM: cloud trail
 26371 | Lair:2   | Noticed a catoblepas
 26387 | Lair:2   | XOM: divine lightning
 26394 | Lair:2   | XOM: noise
 26398 | Lair:2   | XOM: silly message
 26401 | Lair:2   | Killed a catoblepas
 26406 | Lair:2   | XOM: cleaving
 26411 | Lair:2   | Reached XP level 13. HP: 40/79 MP: 13/13
 26442 | Lair:2   | XOM is BORED!
 26442 | Lair:2   | XOM: give mutations
 26442 | Lair:2   | Gained mutation: Your magical capacity is low. (-10% MP)
                  | [Xom's mischief]
 26442 | Lair:2   | Gained mutation: Your spells are a little easier to cast,
                  | but a little less powerful. [Xom's mischief]
 26442 | Lair:2   | Lost mutation: You have a pair of small antennae on your
                  | head. [Xom's mischief]
 26442 | Lair:2   | Lost mutation: Your flesh is cold resistant. (rC+) [Xom's
                  | mischief]
 26521 | Lair:2   | XOM: stat loss: -1 Str (7/8)
 26636 | Lair:2   | XOM: noise
 26857 | Lair:2   | XOM: polymorph killer bee -> bullfrog
 26890 | Lair:2   | Reached skill level 16 in Stealth
 27083 | Lair:2   | XOM: summons 7 hostile demons
 27092 | Lair:2   | XOM: god gift: book of Fire
 27371 | Lair:2   | XOM: god gift: halberd {god gift}
 27463 | Lair:2   | Lost mutation: You are frail. (-10% HP) [potion of
                  | mutation]
 27463 | Lair:2   | Lost mutation: You are weak. (Str -2) [potion of mutation]
 27463 | Lair:2   | Gained mutation: Your muscles are strong. (Str +4, Int/Dex
                  | -1) [potion of mutation]
 27464 | Lair:2   | Lost mutation: Your magical capacity is low. (-10% MP)
                  | [potion of mutation]
 27464 | Lair:2   | Lost mutation: A frigid envelope surrounds you and freezes
                  | all who hurt you. [potion of mutation]
 27464 | Lair:2   | Lost mutation: You are partially covered in iridescent
                  | scales. (AC +2) [potion of mutation]
 27464 | Lair:2   | Gained mutation: Your muscles are very strong. (Str +8,
                  | Int/Dex -2) [potion of mutation]
 27464 | Lair:2   | Gained mutation: Your mind is very acute. (Int +8, Str/Dex
                  | -2) [potion of mutation]
 27566 | Lair:1   | XOM: scenery: 1 doors open
 27568 | Lair:1   | XOM: summons 3 hostile shadow creatures
 29040 | Lair:1   | XOM: god gift: 20 gold pieces
 29078 | Lair:1   | XOM: cloud trail
 29093 | Lair:1   | Identified the ring "Koxiz" {Will- Str+5 Int+6} (Xom gifted
                  | it to you on level 1 of the Lair of Beasts)
 29093 | Lair:1   | XOM: god gift: ring "Koxiz" {Will- Str+5 Int+6}
 29112 | Lair:1   | XOM: scenery: 2 doors open, 1 doors close
 30553 | Lair:3   | Reached skill level 5 in Evocations
 30585 | Lair:3   | Found a dark tunnel.
 30594 | Lair:3   | XOM: enchant monster (bad)
 30597 | Volcano  | Entered a volcano
 30890 | Volcano  | Found a radiant altar of Vehumet.
 30903 | Volcano  | Noticed a red draconian
 30906 | Volcano  | Killed a red draconian
 31045 | Lair:3   | Found a runed translucent gate.
 31046 | Lair:3   | Found a runed translucent gate.
 31047 | Lair:3   | Found a runed translucent gate.
 31052 | Lair:3   | Noticed Fannar
 31063 | Lair:3   | Killed Fannar
 31064 | Lair:3   | Reached skill level 17 in Stealth
 31174 | Lair:3   | XOM: 1-stop teleportation journey
 31281 | Lair:3   | Noticed Vade Gum's ghost (journeyman DsGl)
 31283 | Lair:3   | Noticed an ice dragon
 31397 | Lair:3   | Found a staircase to the Swamp.
 31397 | Lair:3   | XOM: 2-stop teleportation journey
 31789 | Lair:3   | XOM: snakes to sticks
 32249 | Lair:3   | XOM: fog
 32252 | Lair:3   | XOM: summons friendly shadow imp
 32255 | Lair:3   | Killed an ice dragon
 32455 | D:11     | Reached skill level 10 in Shields
 32456 | D:11     | XOM: cast spell 'Metabolic Englaciation'
 32478 | D:11     | Reached skill level 18 in Stealth
 32821 | D:11     | XOM: summons friendly soul eater
 32829 | D:11     | Reached XP level 14. HP: 73/95 MP: 14/14
 33065 | D:11     | XOM: scenery: 1 doors open, 1 doors close
 33067 | D:11     | Noticed Urug
 33073 | D:11     | Killed Urug
 33646 | D:10     | XOM: scenery: create altars
 34577 | D:10     | XOM is BORED!
 34577 | D:10     | XOM: torment (49/95 hp)
 35319 | D:10     | XOM: give mutations
 35319 | D:10     | Gained mutation: You are covered in fur. (AC +1) [Xom's
                  | grace]
 35319 | D:10     | Lost mutation: Your spells are a little easier to cast, but
                  | a little less powerful. [Xom's grace]
 35319 | D:10     | Gained mutation: You are agile. (Dex +4, Str/Int -1) [Xom's
                  | grace]
 35319 | D:10     | Gained mutation: You are robust. (+10% HP) [Xom's grace]
 35359 | D:10     | XOM: scenery: create altars
 35992 | D:10     | XOM: god gift: tapered copper wand {god gift}
 36696 | D:10     | XOM: god gift: wand of digging (5)
 38000 | D:10     | XOM is BORED!
 38000 | D:10     | XOM: give mutation
 38000 | D:10     | Lost mutation: Your muscles are very strong. (Str +8,
                  | Int/Dex -2) [Xom's mischief]
 38748 | D:10     | XOM: give mutations
 38748 | D:10     | Gained mutation: A frigid envelope surrounds you and
                  | freezes all who hurt you. [Xom's grace]
 38748 | D:10     | Gained mutation: You are covered in thick fur. (AC +2)
                  | [Xom's grace]
 38748 | D:10     | Gained mutation: You have a beak for a mouth. [Xom's grace]
 38963 | Lair:4   | Found a gate leading to a gauntlet.
 38972 | Gauntlet | Entered a Gauntlet
 38972 | Gauntlet | Found a transporter.
 38972 | Gauntlet | Found a transporter.
 38972 | Gauntlet | Found a transporter.
 38992 | Gauntlet | Found a transporter.
 38994 | Gauntlet | Found a large runed translucent door.
 38995 | Gauntlet | Found a large runed translucent door.
 38996 | Gauntlet | Found a large runed translucent door.
 38996 | Gauntlet | Found a large runed translucent door.
 38996 | Gauntlet | Found a runed translucent door.
 38996 | Gauntlet | Found a runed translucent door.
 38997 | Gauntlet | Found a large runed translucent door.
 38998 | Gauntlet | Found a large runed translucent door.
 38999 | Gauntlet | Found a large runed translucent door.
 38999 | Gauntlet | Found a large runed translucent door.
 39000 | Gauntlet | Found a runed translucent gate.
 39000 | Gauntlet | Found a runed translucent gate.
 39000 | Gauntlet | Found a runed translucent gate.
 39002 | Gauntlet | Found a transporter.
 39011 | Gauntlet | Found a large runed translucent door.
 39011 | Gauntlet | Found a large runed translucent door.
 39012 | Gauntlet | Found a large runed translucent door.
 39013 | Gauntlet | Found a large runed translucent door.
 39023 | Gauntlet | Found a transporter.
 39031 | Gauntlet | Found a transporter.
 39041 | Gauntlet | Found a transporter.
 39055 | Gauntlet | Found a transporter.
 39063 | Gauntlet | Found a transporter.
 39080 | Gauntlet | Found a transporter.
 39103 | Gauntlet | Found a transporter.
 39137 | Gauntlet | XOM: scenery: summon butterflies
 39144 | Gauntlet | XOM: confusion
 39163 | Gauntlet | XOM: cleaving
 39330 | Gauntlet | Identified the +1 dire flail of Xaexocwia {flame, rElec rF-
                  | Int+2}
 39365 | Lair:4   | Reached skill level 1 in Shapeshifting
 39365 | Lair:4   | XOM: divination: detect items
 39366 | Lair:4   | XOM: give mutations
 39366 | Lair:4   | Gained mutation: Your muscles are very strong. (Str +8,
                  | Int/Dex -2) [Xom's grace]
 39366 | Lair:4   | Gained mutation: You have hidden genetic potential. [Xom's
                  | grace]
 39405 | Lair:4   | Reached skill level 19 in Stealth
 39485 | Lair:4   | Found a staircase to the Slime Pits.
 39485 | Lair:4   | Found a viscous altar of Jiyva.
 39497 | Lair:4   | Found a frozen archway.
 39508 | IceCv    | Entered an ice cave
 39570 | IceCv    | Found the +8 Wrath of Trog {antimagic, *Rage Rampage}
 39570 | IceCv    | Found the +8 autumn katana {manifold assault}
 39570 | IceCv    | XOM: 5-stop teleportation journey
 39603 | IceCv    | XOM: god gift: 44 gold pieces
 39726 | IceCv    | XOM: confuse monster(s)
 39737 | IceCv    | XOM: enchant monster (good)
 39819 | IceCv    | Found the -2 hat of the Alchemist {rElec rPois rF+ rC+ rN+
                  | Will+ rMut rCorr}
 40797 | Lair:4   | XOM: give mutations
 40797 | Lair:4   | Lost mutation: You have hidden genetic potential. [Xom's
                  | mischief]
 40797 | Lair:4   | Lost mutation: You are covered in thick fur. (AC +2) [Xom's
                  | mischief]
 40797 | Lair:4   | Lost mutation: You are agile. (Dex +4, Str/Int -1) [Xom's
                  | mischief]
 40797 | Lair:4   | Lost mutation: You occasionally lose the ability to read
                  | scrolls when taking damage. [Xom's mischief]
 40798 | Lair:4   | Reached skill level 20 in Stealth
 41023 | Lair:4   | XOM: summons friendly crimson imp
 41463 | Lair:4   | XOM: scenery: summon butterflies
 41539 | Lair:5   | Entered Level 5 of the Lair of Beasts
 41547 | Lair:5   | a six-headed hydra changed into a ghost moth
 41547 | Lair:5   | Noticed a ghost moth
 41547 | Lair:5   | XOM: polymorph six-headed hydra -> ghost moth
 41558 | Lair:4   | Killed a ghost moth
 41783 | Lair:5   | XOM: blink monster(s)
 41838 | Lair:5   | Reached XP level 15. HP: 102/112 MP: 15/15
 41961 | Lair:5   | XOM: divination: detect items
 41972 | Lair:5   | Acquired a manual of Dodging
 42095 | Lair:5   | XOM: cloud trail
 42305 | Lair:5   | Reached skill level 10 in Dodging
 42310 | Lair:5   | Identified the +7 flail "Kuschis" {speed, Dex+2}
 42455 | Lair:5   | Reached skill level 10 in Fighting
 42498 | Lair:5   | Found a runed translucent door.
 42498 | Lair:5   | Noticed Jesminib's ghost (journeyman HOSh)
 42700 | Lair:5   | XOM: noise
 42710 | Lair:5   | XOM: noise
 42716 | Lair:5   | Reached skill level 5 in Shapeshifting
 42813 | Lair:5   | XOM: give mutation
 42813 | Lair:5   | Lost mutation: You are robust. (+10% HP) [Xom's mischief]
 42951 | Lair:5   | XOM: blink monster(s)
 43011 | Lair:5   | XOM: summons 8 hostile demons
 43148 | Lair:5   | Killed Jesminib's ghost
 43307 | Lair:5   | XOM: draining
 43553 | Lair:5   | XOM is BORED!
 43553 | Lair:5   | XOM: summons 3 hostile shadow creatures
 43947 | D:4      | Bought a scroll of revelation for 97 gold pieces
 44129 | D:12     | Found a transporter.
 44133 | D:12     | Noticed ragingrage's ghost (journeyman TeHu)
 44237 | D:12     | Noticed Frances
 44243 | D:12     | Killed Frances
 44287 | D:12     | Found a transporter.
 44313 | D:12     | Found Bidghez's Distillery.
 44322 | D:12     | Bought a potion of haste for 140 gold pieces
 44322 | D:12     | Bought a potion of heal wounds for 70 gold pieces
 44322 | D:12     | Bought a potion of heal wounds for 70 gold pieces
 44322 | D:12     | Bought a potion of degeneration for 14 gold pieces
 44483 | D:12     | XOM: draining
 44748 | D:12     | Gained mutation: Your spells are a little easier to cast,
                  | but a little less powerful. [a neqoxec]
 44752 | D:12     | XOM: noise
 44753 | D:12     | Gained mutation: Your body sometimes deteriorates upon
                  | taking damage. [a neqoxec]
 44770 | D:12     | Killed ragingrage's ghost
 44771 | D:12     | Identified the ring "Xyahyts" {*Slow rPois Str+4 Int+6}
 45215 | D:13     | XOM: scenery: summon butterflies
 45501 | D:13     | Found a glowing golden altar of the Shining One.
 45600 | D:12     | XOM: draining
 45649 | Orc:1    | XOM: noise
 45649 | Orc:1    | Entered Level 1 of the Orcish Mines
 45660 | Orc:1    | XOM: summons 2 friendly demons
 45672 | Orc:1    | Noticed Snorg
 45956 | D:10     | XOM: summons friendly quasit
 45986 | D:10     | Killed Snorg
 46222 | Orc:1    | XOM: 1-stop teleportation journey
 46238 | Orc:2    | Entered Level 2 of the Orcish Mines
 46291 | Orc:2    | XOM: divination: magic mapping
 46415 | Orc:2    | XOM: confuse monster(s)
 46514 | Orc:2    | Found Xusmusme's General Store.
 46737 | Orc:2    | XOM: divination: detect items
 46779 | Orc:2    | Noticed an orc warlord
 46780 | Orc:2    | Found Xelue's Antique Weapon Shoppe.
 46806 | Orc:2    | XOM: butterfly on damage
 46918 | Orc:2    | XOM: potion effect (might)
 47179 | Orc:1    | Reached XP level 16. HP: 100/106 MP: 16/16
 47640 | Orc:2    | Found a staircase to the Elven Halls.
 47741 | Orc:2    | Found Voblary's Assorted Antiques.
 47839 | Orc:2    | Found Rourieti's Antique Armour Emporium.
 48084 | D:14     | XOM: fake destruction
 48093 | D:14     | XOM: polymorph red ugly thing -> green ugly thing
 48175 | D:13     | XOM: god gift: 2 atropa-tipped darts
 48375 | D:13     | XOM: god gift: potion of degeneration
 48869 | D:13     | XOM: 1-stop teleportation journey
 48889 | D:14     | XOM: scenery: 3 doors open
 48969 | D:14     | XOM: god gift: +6 Majin-Bo {spellvamp, MP+6 Int+6}
 48970 | D:14     | Found the +6 Majin-Bo {spellvamp, MP+6 Int+6}
 48996 | D:14     | XOM: 4-stop teleportation journey
 49036 | D:14     | XOM: 5-stop teleportation journey
 49044 | D:14     | XOM: cloud trail
 49166 | D:14     | XOM: polymorph boulder beetle -> fire crab
 49619 | D:14     | XOM: enchant monster (good)
 49625 | D:14     | XOM: summons 4 friendly demons
 50091 | D:14     | XOM: potion effect (heal wounds)
 50100 | D:14     | XOM: enchant monster (good)
 50102 | D:14     | XOM: divination: magic mapping
 50113 | D:14     | XOM: silly message
 50253 | D:14     | Found a gate to the Vaults.
 50483 | D:14     | XOM: divination: detect creatures
 50518 | D:15     | Entered Level 15 of the Dungeon
 50616 | D:15     | XOM: blink monster(s)
 50714 | D:15     | XOM: silly message
 51219 | D:15     | XOM: divination: detect items
 51527 | D:15     | Found a staircase to the Depths.
 51743 | D:14     | XOM: silly message
 51920 | Spider:1 | Entered Level 1 of the Spider Nest
 51930 | Spider:1 | XOM: noise
 51932 | Lair:2   | HP: 2/114 [poisoned by a redback]
 52010 | Lair:2   | XOM: noise
 52623 | D:5      | XOM: give mutations
 52623 | D:5      | Gained mutation: You occasionally lose the ability to drink
                  | potions when taking damage. [Xom's mischief]
 52623 | D:5      | Lost mutation: Your mind is very acute. (Int +8, Str/Dex
                  | -2) [Xom's mischief]
 52623 | D:5      | Gained mutation: You are frail. (-10% HP) [Xom's mischief]
 52623 | D:5      | Gained mutation: You are strong-willed. (Will+) [Xom's
                  | mischief]
 53216 | D:5      | XOM: summons 4 hostile demons
 53374 | D:6      | XOM: torment (52/102 hp)
 53689 | D:5      | XOM: summons 9 hostile demons
 54378 | D:5      | XOM: god gift: 448 gold pieces
 54458 | D:5      | XOM: god gift: glowing halberd {god gift}
 54595 | D:5      | XOM is BORED!
 54595 | D:5      | XOM: give mutation
 54595 | D:5      | Lost mutation: Your body sometimes deteriorates upon taking
                  | damage. [Xom's mischief]
 55011 | D:5      | XOM: scenery: summon butterflies
 55055 | D:5      | XOM: noise
 55075 | D:5      | XOM: divination: detect items
 55133 | D:5      | XOM: silly message
 55618 | D:5      | XOM: scenery: summon butterflies
 55916 | D:5      | XOM: cloud trail
 56276 | D:5      | XOM: give mutation
 56276 | D:5      | Gained mutation: One of your tentacles bears a spike.
                  | [Xom's grace]
 56737 | D:5      | XOM: scenery: summon butterflies
 56892 | D:5      | XOM: give mutation
 56892 | D:5      | Lost mutation: Your spells are a little easier to cast, but
                  | a little less powerful. [Xom's grace]
 57050 | D:5      | XOM: give mutations
 57050 | D:5      | Lost mutation: You have a beak for a mouth. [Xom's
                  | mischief]
 57050 | D:5      | Gained mutation: Your spells are a little harder to cast,
                  | but a little more powerful. [Xom's mischief]
 57273 | D:5      | XOM: silly message
 57295 | D:5      | XOM: god gift: scroll of fog
 57359 | D:5      | XOM: scenery: create altars
 57685 | D:5      | XOM: give mutations
 57685 | D:5      | Gained mutation: You are agile. (Dex +4, Str/Int -1) [Xom's
                  | grace]
 57685 | D:5      | Gained mutation: You expend magic power (3 MP) to
                  | strengthen your wands. [Xom's grace]
 57685 | D:5      | Gained mutation: Your system is resistant to poisons.
                  | (rPois) [Xom's grace]
 57760 | D:5      | XOM: god gift: potion of ambrosia
 58050 | D:5      | XOM: silly message
 58108 | D:5      | XOM: noise
 58878 | D:5      | XOM: give mutations
 58878 | D:5      | Lost mutation: A frigid envelope surrounds you and freezes
                  | all who hurt you. [Xom's mischief]
 58878 | D:5      | Lost mutation: Your spells are a little harder to cast, but
                  | a little more powerful. [Xom's mischief]
 58997 | D:5      | XOM: god gift: wand of paralysis (7)
 59374 | D:5      | XOM: cloud trail
 59403 | D:5      | XOM is BORED!
 60194 | D:5      | XOM: divination: detect creatures
 60485 | D:5      | XOM: divination: detect creatures
 60519 | D:5      | XOM: silly message
 60655 | D:5      | XOM: silly message
 60953 | D:5      | XOM: silly message
 61377 | D:5      | XOM: silly message
 61940 | D:5      | XOM: give mutations
 61940 | D:5      | Lost mutation: Your mind is acute. (Int +4, Str/Dex -1)
                  | [Xom's mischief]
 61940 | D:5      | Lost mutation: You are frail. (-10% HP) [Xom's mischief]
 61940 | D:5      | Lost mutation: You are agile. (Dex +4, Str/Int -1) [Xom's
                  | mischief]
 61940 | D:5      | Lost mutation: Your muscles are very strong. (Str +8,
                  | Int/Dex -2) [Xom's mischief]
 62017 | D:5      | XOM: noise
 62045 | D:5      | XOM: stat loss: -1 Dex (16/17)
 62790 | D:5      | XOM: give mutations
 62790 | D:5      | Gained mutation: Potions are less effective at restoring
                  | your health. [Xom's mischief]
 62790 | D:5      | Gained mutation: Your mind is acute. (Int +4, Str/Dex -1)
                  | [Xom's mischief]
 62790 | D:5      | Lost mutation: You are strong-willed. (Will+) [Xom's
                  | mischief]
 62790 | D:5      | Gained mutation: You are partially covered in iridescent
                  | scales. (AC +2) [Xom's mischief]
 62999 | D:6      | XOM: summons 8 hostile demons
 63040 | D:7      | XOM: give mutations
 63040 | D:7      | Lost mutation: You are partially covered in iridescent
                  | scales. (AC +2) [Xom's mischief]
 63040 | D:7      | Lost mutation: Your mind is acute. (Int +4, Str/Dex -1)
                  | [Xom's mischief]
 63040 | D:7      | Gained mutation: You sometimes lose your temper in combat.
                  | [Xom's mischief]
 63040 | D:7      | Lost mutation: One of your tentacles bears a spike. [Xom's
                  | mischief]
 63150 | Elf:1    | Entered Level 1 of the Elven Halls
 63163 | Elf:1    | XOM: silly message
 63230 | Elf:1    | XOM: silly message
 63377 | Elf:1    | XOM: divination: detect items
 63509 | Elf:1    | XOM: divination: detect items
 63515 | Elf:1    | Shot with an arrow by a deep elf archer

Illustrated notes

Levels and vault maps discovered:
D:1:      sevenhm_arrival_forest_fort_small_3, layout_rooms, serial_shops, shop,
          minmay_hedge_maze
D:2:      layout_rooms, minmay_increasing_density
D:3:      layout_loops_ring, hellmonk_ecumenical_altar_run_dry,
          kennysheep_generic_room_15
D:4:      layout_basic, elyvilon_altar_4, serial_shops,
          nicolae_shop_back_alley_shop, shop
D:5:      layout_rooms, minmay_temple_entry_steel_oval
D:6:      layout_loops_ring, nicolae_qazlal_style_of_elements, uniq_grinder,
          uniq_maggie
D:7:      layout_gridville, nicolae_wu_jian_wuxing_cycle,
          nicolae_uskayaw_en_pointe, grunt_ministairs_8,
          hangedman_minor_gate_pass, uniq_jeremiah
D:8:      layout_cave_pods, st_stairs_13, grunt_ministairs_1
D:9:      layout_rooms, minmay_splitting_lines
D:10:     layout_gridville, grunt_temple_overflow_open,
          mainiacjoe_overflow_large_starburst, lair_entry_dummy, david_orc_4,
          kennysheep_pointless_box, uniq_amaemon
D:11:     layout_roguey, billiards_dpeg, uniq_urug
D:12:     layout_roguey, gammafunk_ghost_stat_death, serial_shops,
          nicolae_shop_stone, uniq_frances
D:13:     layout_loops_ring, tso_altar
D:14:     layout_stronghold, ximxim_vaults_locker_room, minmay_misc_feat_hallway
D:15:     grunt_enter_depths_giant_problem, layout_rooms, serial_bayou_ford_a
Lair:1:   layout_long_grid, gammafunk_ghost_necromancy, grunt_megastairs_3
Lair:2:   layout_roguey [special_room_bee],
          hellmonk_spider_entry_life_and_decay, st_stairs_8
Lair:3:   dpeg_oklob_shooting_range, layout_chaotic_city,
          nicolae_swamp_entry_spooky, nicolae_volcano_entry_lava_flow,
          gammafunk_ghost_icy, lemuel_fruit_tree, uniq_fannar
Lair:4:   layout_long_grid, slime_entry_1, gauntlet_entry_generic,
          portal_ice_cave_entry_pillars_1
Lair:5:   evilmike_catoblepas_cave, layout_cave_pods, gammafunk_ghost_grave
Spider:1: layout_spider_delve
Orc:1:    layout_caves, basic_altar, serial_shops,
          nicolae_shop_getting_attention, uniq_jorgrun, uniq_snorg
Orc:2:    grunt_orc_community_town_hall, layout_diamond_mine,
          grunt_orc_community_big_house_1, grunt_orc_community_big_house_2,
          grunt_orc_community_house_2, grunt_orc_community_house_3,
          grunt_orc_community_house_1, grunt_orc_community_house_2
Elf:1:    nicolae_elf_arrival_no_cutting_in_line, layout_rooms,
          evilmike_minifort

Skill      XL: |  1  2  3  4  5  6  7  8  9 10 11 12 13 14 15 16 |
---------------+-------------------------------------------------+-----
Stealth        | 2 3 4 6 7 9 11 13 14 15 18 20 | 20.0
Short Blades   | 4 5 6 7 8 10 11 12 14 | 14.5
Dodging        | 3 4 5 6 7 8 9 11 14 | 14.5
Fighting       | 4 5 6 7 8 9 11 12 | 12.7
Shields        | 1 2 4 6 8 9 10 | 10.4
Evocations     | 1 4 6 7 |  7.4
Shapeshifting  | 3 6 7 |  7.9

Action                     |  1- 3 |  4- 6 |  7- 9 | 10-12 | 13-15 | 16-18 || total
---------------------------+-------+-------+-------+-------+-------+-------++-------
  Melee: Dagger            |    79 |   113 |   122 |       |       |       ||   314
         Constrict         |    20 |    17 |    30 |    53 |   155 |    77 ||   352
         Short sword       |     3 |       |       |       |       |       ||     3
         Tentacles         |    11 |    10 |    36 |   145 |   334 |   174 ||   710
         Punch             |     1 |       |     1 |    11 |    24 |     9 ||    46
         Quick blade       |       |       |    48 |   517 |  1229 |   488 ||  2282
         Peck              |       |       |       |       |   259 |   156 ||   415
         Kick              |       |       |       |       |       |     8 ||     8
  Evoke: Wand              |       |       |     5 |     7 |       |       ||    12
    Use: Scroll            |     1 |     3 |     4 |     5 |    11 |     1 ||    25
         Potion            |       |     1 |     8 |       |     6 |     1 ||    16
   Stab: Sleeping          |     9 |    15 |    16 |    25 |    83 |    25 ||   173
         Invisible         |       |       |     3 |       |    11 |       ||    14
         Distracted        |       |       |       |     1 |     3 |     4 ||     8
         Petrified         |       |       |       |     2 |       |       ||     2
         Petrifying        |       |       |       |     1 |     2 |       ||     3
         Confused          |       |       |       |       |     2 |       ||     2
 Armour: Skin              |    36 |    42 |    61 |    94 |   198 |    68 ||   499
  Dodge: Dodged            |    42 |    23 |    56 |    78 |   235 |    98 ||   532
  Block: Kite shield       |    13 |    36 |   103 |   194 |   362 |   132 ||   840
         Reflection        |       |       |     7 |     5 |     9 |    19 ||    40

Table legend: (Time is in decaauts)
 A = Elapsed time spent in this place.
 B = Non-inter-level travel time spent in this place.
 C = Inter-level travel time spent in this place.
 D = Time resting spent in this place.
 E = Time spent auto-exploring this place.
 F = Levels seen in this place.
 G = Mean time per level.
                   A        B        C        D        E       F      G
               +--------+--------+--------+--------+--------+-----+--------+
         Total |  63203 |  60875 |   2328 |  39927 |  16046 |  27 | 2340.9 |
       Dungeon |  47566 |  45939 |   1627 |  34165 |   9438 |  15 | 3171.1 |
          Lair |  11305 |  10706 |    599 |   4642 |   4728 |   5 | 2261.0 |
   Spider Nest |     12 |     12 |      0 |      0 |      0 |   1 |   12.0 |
  Orcish Mines |   2024 |   1924 |    100 |    644 |    976 |   2 | 1012.0 |
   Elven Halls |    346 |    346 |      0 |      5 |    240 |   1 |  346.0 |
      Ice Cave |   1177 |   1177 |      0 |    466 |    479 |   1 | 1177.0 |
       Volcano |    405 |    405 |      0 |      5 |    174 |   1 |  405.0 |
      Gauntlet |    365 |    365 |      0 |      0 |     11 |   1 |  365.0 |
               +--------+--------+--------+--------+--------+-----+--------+

Top non-repeatable levels by time:
    D:10: 12190 daAuts
     D:5: 11036 daAuts
     D:1: 9789 daAuts
  Lair:1: 4706 daAuts
  Lair:2: 2212 daAuts
     D:6: 1770 daAuts
  Lair:5: 1751 daAuts
    D:14: 1662 daAuts
    D:13: 1474 daAuts
  Lair:3: 1391 daAuts
     D:4: 1370 daAuts
  Lair:4: 1244 daAuts
     D:7: 1236 daAuts
     D:2: 1217 daAuts
    D:15: 1194 daAuts
